 Dungeon Crawl Stone Soup version 0.28-a0-1524-ge72afd5fc6 (webtiles) character file.

Game seed: 3486701728355703197

137 knot the Chopper (level 5, 34/61 HPs)
             Began as a Demonspawn Berserker on Jan 18, 2022.
             Was a Believer of Trog.
             Quit the game on level 3 of the Dungeon.
             The game lasted 00:03:16 (3600 turns).

knot the Chopper (Demonspawn Berserker)             Turns: 3600, Time: 00:03:16

Health: 34/61      AC:  7    Str: 24    XL:     5   Next: 0%
Magic:  5/5        EV: 11    Int: 10    God:    Trog [**....]
Gold:   72         SH:  0    Dex: 12    Spells: 4/4 levels left

rFire   . . .      SeeInvis +   a - +0 hand axe
rCold   . . .      Faith    .   (no shield)
rNeg    . . .      Spirit   +   j - +0 leather armour
rPois   .          Reflect  .   (no helmet)
rElec   .          Harm     .   g - +0 cloak
rCorr   .          Rampage  .   i - +0 pair of gloves
Will    .....                   (no boots)
Stlth   ..........              (no amulet)
HPRegen 0.20/turn               h - ring of see invisible
MPRegen 0.18/turn               k - +6 ring of strength

@: berserking, very quick
A: molten scales 1, magic shield, magic regeneration, demonic touch 1
a: Renounce Religion, Berserk, Trog's Hand


You were on level 3 of the Dungeon.
You worshipped Trog.
Trog was pleased with you.
You visited 1 branch of the dungeon, and saw 3 of its levels.

You collected 72 gold pieces.

Inventory:

Hand Weapons
 a - a +0 hand axe (weapon)
Missiles
 c - 145 stones (quivered)
Armour
 g - a +0 cloak (worn)
 i - a +0 pair of gloves (worn)
 j - a +0 leather armour (worn)
Jewellery
 h - a ring of see invisible (left hand)
 k - a +6 ring of strength (right hand)
Wands
 n - a wand of acid (4)
Scrolls
 d - 3 scrolls of identify {unknown}
 e - a scroll of brand weapon {unknown}
 l - a scroll of torment {unknown}
 m - a scroll of noise {unknown}
 o - a scroll of fog {unknown}
Potions
 b - a potion of lignification {unknown}
 f - a potion of curing {unknown}


   Skills:
 - Level 3.0 Fighting
 + Level 5.2 Axes
 - Level 1.7 Armour
 - Level 1.7 Dodging


You had 4 spell levels left.
You didn't know any spells.
Your spell library contained the following spells:

 Spells                   Type           Power      Damage    Failure   Level
 Static Discharge         Conj/Air       0%         N/A       54%         2
 Gell's Gravitas          Tloc           0%         N/A       78%         3
 Lesser Beckoning         Tloc           0%         N/A       78%         3
 Teleport Other           Tloc           0%         N/A       78%         3
 Dispel Undead            Necr           0%         3d6       99%         4
 Sticky Flame             Conj/Fire      0%         2d3       99%         4
 Summon Forest            Summ/Tloc      0%         N/A       100%        5
 Eringya's Noxious Bog    Tmut/Pois      0%         N/A       100%        6
 Summon Hydra             Summ           0%         N/A       100%        7


Dungeon Overview and Level Annotations

Branches:
Dungeon (3/15)

Altars:

Shops:
D:3 (


Innate Abilities, Weirdness & Mutations

You are partially covered in molten scales. (AC +2)
When hurt, damage is shared between your health and your magic reserves.
You regenerate magic rapidly.
Your touch may inflict minor irresistible damage on your foes.


Message History

You kill the jackal!
Trog accepts your kill.
The jackal stops to sniff the ground.
The orc hits you with a +1 flail of protection!
You closely miss the orc. You closely miss the jackal.
The jackal stops to sniff the water.
The jackal closely misses you.
The orc hits you with a +1 flail of protection.
You hit the orc. You punch the orc, but do no damage.
The orc is heavily wounded.
You closely miss the jackal. The jackal bites you.
The orc hits you but does no damage. The jackal barely misses you.
You hit the orc.
The orc is almost dead.
You barely miss the jackal. The orc hits you but does no damage.
The jackal barely misses you.
A red film seems to cover your vision as you go berserk!
You feel yourself moving faster!
You feel mighty!
The jackal splashes around in the water.
The orc barely misses you.
The jackal bites you but does no damage.
You slash the jackal!
You kill the jackal!
Trog accepts your kill.
You completely miss the orc.
The orc hits you with a +1 flail of protection.
You hit the orc.
You kill the orc!
Trog accepts your kill.
You have reached level 5!
Your demonic ancestry asserts itself...
Molten scales grow over part of your body.
Things that are here:
a +1 flail of protection; a +0 chain mail; an orc corpse Are you sure you want to abandon this character and quit the game? (Confirm with "yes".)
Okay, then.
Unknown command.
Unknown command.
Unknown command.
Are you sure you want to abandon this character and quit the game? (Confirm with "yes".)

###########++++#########
........................
≈≈≈≈≈≈≈≈≈≈≈....≈≈≈≈≈≈≈≈≈
≈≈≈≈≈≈≈≈≈≈≈....≈≈≈≈≈≈≈≈≈
≈≈≈≈≈≈≈≈≈≈≈....≈†≈≈≈≈≈≈≈
................@.......
###.########..##.#######
#.# ######.###.# #.#
#........#.# #.#
#.######....# #.# #.#
......
#.###.######....##
#.................
#####.######.#..##


There were no monsters in sight!

Vanquished Creatures
  A howler monkey (D:3)
  A gnoll (D:3)
  2 adders (D:2)
  A white imp (D:3)
  A worm (D:2)
  3 dart slugs
  An orc (D:3)
  6 bats
  3 endoplasms
  2 giant cockroaches
  4 goblins
  5 hobgoblins
  4 jackals (D:3)
  6 kobolds
  2 quokkas
  3 ball pythons
  2 frilled lizards (D:2)
  6 rats
53 creatures vanquished.

Vanquished Creatures (others)
  5 plants (D:2)
5 creatures vanquished.

Grand Total: 58 creatures vanquished

Notes
Turn   | Place    | Note
-------+----------+-------------------------------------------
     0 | D:1      | knot the Demonspawn Berserker began the quest for the Orb.
     0 | D:1      | Reached XP level 1. HP: 18/18 MP: 1/1
   231 | D:1      | Reached skill level 3 in Axes
   379 | D:1      | Found a faded altar of an unknown god.
   383 | D:1      | Gained mutation: You regenerate magic rapidly. [demonic
                  | ancestry]
   383 | D:1      | Reached XP level 2. HP: 22/24 MP: 2/2
  1039 | D:2      | Gained mutation: Your touch may inflict minor irresistible
                  | damage on your foes. [demonic ancestry]
  1039 | D:2      | Reached XP level 3. HP: 28/29 MP: 3/3
  1752 | D:2      | Reached skill level 4 in Axes
  2553 | D:2      | Reached ** piety under Trog
  3180 | D:3      | Gained mutation: When hurt, damage is shared between your
                  | health and your magic reserves. [demonic ancestry]
  3180 | D:3      | Reached XP level 4. HP: 33/35 MP: 4/4
  3195 | D:3      | Found Bicrop's Weapon Boutique.
  3251 | D:3      | Reached skill level 5 in Axes
  3599 | D:3      | Gained mutation: You are partially covered in molten
                  | scales. (AC +2) [demonic ancestry]
  3599 | D:3      | Reached XP level 5. HP: 34/41 MP: 5/5
  3600 | D:3      | Quit the game

Illustrated notes

Levels and vault maps discovered:
D:1:      psy_arrival_terrarium, layout_basic,
          hellmonk_ecumenical_altar_arch_garden
D:2:      cheibrodos_old_hovel, layout_loops_corners,
          corexii_item_surrounded_by_moat, kennysheep_generic_room_6
D:3:      lemuel_castle_with_subvaults [lemuel_castle_interior_carwin_2],
          layout_loops_corners, serial_shops, shop_statue

Skill      XL: |  1  2  3  4 |
---------------+-------------+-----
Axes           | 3 4 5 |  5.2
Fighting       | |  3.0
Armour         | |  1.7
Dodging        | |  1.7

Action                   |  1- 3 |  4- 6 || total
-------------------------+-------+-------++-------
Melee: Hand axe          |   139 |    24 ||   163
       Punch             |     3 |     1 ||     4
       Touch             |     8 |     5 ||    13
Throw: Stone             |     2 |       ||     2
Invok: Berserk           |     3 |     3 ||     6
       Trog's Hand       |       |     1 ||     1
 Stab: Sleeping          |     2 |       ||     2
Armor: Animal skin       |    34 |       ||    34
       Leather armour    |     9 |     8 ||    17
Dodge: Dodged            |    79 |    14 ||    93

Table legend: (Time is in decaauts)
 A = Elapsed time spent in this place.
 B = Non-inter-level travel time spent in this place.
 C = Inter-level travel time spent in this place.
 D = Time resting spent in this place.
 E = Time spent auto-exploring this place.
 F = Levels seen in this place.
 G = Mean time per level.
                   A        B        C        D        E       F      G
               +--------+--------+--------+--------+--------+-----+--------+
         Total |   3649 |   3614 |     35 |   1041 |   2122 |   3 | 1216.3 |
       Dungeon |   3649 |   3614 |     35 |   1041 |   2122 |   3 | 1216.3 |
               +--------+--------+--------+--------+--------+-----+--------+

Top non-repeatable levels by time:
     D:2: 1503 daAuts
     D:1: 1460 daAuts
     D:3: 685 daAuts
